 Dungeon Crawl Stone Soup version 0.32-a0-481-g9ce6b883f8 (webtiles) character file.

Game seed: 18243712230888941724

156 GordonOverkill the Chopper (level 5, -5/41 HPs)
             Began as a Coglin Delver on Feb 26, 2024.
             Killed by divine providence
             ... invoked by an orc priest
              (13 damage)
             ... on level 6 of the Dungeon.
             The game lasted 00:01:42 (483 turns).

GordonOverkill the Chopper (Coglin Delver)           Turns: 483, Time: 00:01:42

Health: -5/41      AC:  3    Str: 14    XL:     5   Next: 37%
Magic:  5/5        EV: 12    Int:  9    God:
Gold:   14         SH:  0    Dex: 16    Spells: 4/4 levels left

rFire   . . .        a - +0 hand axe {Hugo}
rCold   . . .        i - +0 flail {Sukanya}
rNeg    . . .        b - +0 leather armour
rPois   .            (no helmet)
rElec   .            (no cloak)
rCorr   .            (no gloves)
SInv    .            (no boots)
Will    .....        (no amulet)
Stlth   ++           (ring unavailable)
HPRegen 0.26/turn    (ring unavailable)
MPRegen 0.09/turn

%: no passive effects
@: no status effects
A: off-hand wielding, slow wielding, warmup strikes, no rings
a: Convert to Beogh


You were on level 6 of the Dungeon.
You visited 1 branch of the dungeon, and saw 3 of its levels.

You collected 14 gold pieces.

Inventory:

Hand Weapons
 a - a +0 hand axe (weapon) {Hugo}
 i - a +0 flail (offhand) {Sukanya}
Armour
 b - a +0 leather armour (worn)
 h - a +0 ring mail
Wands
 g - a wand of digging (3)
 j - a wand of paralysis (6)
Scrolls
 c - a scroll of fog
 d - a scroll of revelation
 e - a scroll of fear
Potions
 f - a potion of haste
 k - a potion of curing {unknown}


   Skills:
 - Level 3.0 Fighting
 + Level 5.4 Axes
 - Level 1.7 Dodging
 - Level 4.1 Stealth


You had 4 spell levels left.
You didn't know any spells.
Your spell library was empty.

Dungeon Overview and Level Annotations

Branches:
Dungeon (7/15)
 Temple: D:4-7

Altars:

Annotations:
D:6 Menkaure


Innate Abilities, Weirdness & Mutations

You can wield a second weapon in your off-hand.
It takes a long time for you to wield or remove held weapons.
Your first few attacks do less damage.
Your grasper-arms cannot wear rings.


Message History

You struggle against the net.
You shred the net and break free!
The gnoll hits you from afar with a +0 halberd!
* * * LOW HITPOINT WARNING * * *
The gnoll attacks as it pursues you!
The gnoll hits you from afar with a +0 halberd.
* * * LOW HITPOINT WARNING * * *
The gnoll attacks as it pursues you! The gnoll closely misses you.
The gnoll attacks as it pursues you! The gnoll barely misses you.
The gnoll attacks as it pursues you!
The gnoll hits you from afar with a +0 halberd!
* * * LOW HITPOINT WARNING * * *
The gnoll attacks as it pursues you!
The gnoll hits you from afar with a +0 halberd.
* * * LOW HITPOINT WARNING * * *
The gnoll attacks as it pursues you! The gnoll barely misses you.
There is a stone staircase leading down here.
You can't go up here!
The gnoll closely misses you.
You climb downwards.
Level annotation: Menkaure
There is a stone staircase leading up here.
You start resting.
An orc comes into view. It is wielding a +0 club.
You start resting.
An orc comes into view. It is wielding a +0 hand axe.
The orc shouts!
An orc comes into view. It is wielding a +0 trident.
The orc shouts!
The orc priest shouts!
You hear a shout!
The orc priest threatens, "Beogh's wrath is as vast as their mercy.
Make your choice!" (press Y on the ability menu to convert to Beogh)
The orc hits you with a +0 hand axe.
* * * LOW HITPOINT WARNING * * *
The orc priest invokes the aid of Beogh against you.
Beogh smites you!
* * * LOW HITPOINT WARNING * * *
The orc curses loudly.
The orc priest calls down the wrath of Beogh upon you.
Beogh smites you!
You die...

.. ..........###.# .o
........# ..#.# ..
........# #.#.# .
........###.#.# #####
..............#.....#
....oo.......>.......
.....o...............
#####...............
#....@..........
#..o............
#...............
#.<.............
##..............
##.....##... #######
###


You could see an orc priest and 3 orcs.

Vanquished Creatures
  An ogre (D:5)
  2 hounds (D:5)
  An orc (D:5)
4 creatures vanquished.

Notes
Turn   | Place    | Note
-------+----------+-------------------------------------------
     0 | D:5      | GordonOverkill the Coglin Delver began the quest for the
                  | Orb.
     0 | D:5      | Reached XP level 1. HP: 18/18 MP: 1/1
    10 | D:5      | Noticed a hound
    27 | D:5      | Killed a hound
    28 | D:5      | Reached skill level 3 in Axes
    28 | D:5      | Reached XP level 2. HP: 24/24 MP: 2/2
    28 | D:5      | Reached XP level 3. HP: 29/29 MP: 3/3
   190 | D:6      | Noticed an ice beast
   224 | D:5      | Noticed an ogre
   244 | D:5      | Killed an ogre
   245 | D:5      | Reached skill level 5 in Axes
   245 | D:5      | Reached XP level 4. HP: 21/35 MP: 4/4
   245 | D:5      | Reached XP level 5. HP: 25/41 MP: 5/5
   318 | D:6      | Noticed Menkaure
   483 | D:6      | Killed from afar by an orc priest

Illustrated notes

Levels and vault maps discovered:
D:5:      layout_basic, serial_shops, nicolae_shop_rolled_up, uniq_pikel
D:6:      layout_rooms, skrybe_limestone_x, small_statue_alley_b,
          minmay_strange_pillars, palyth_stone_intersect, uniq_menkaure
D:7:      layout_gridville, lemuel_blue_sif_altar,
          minmay_temple_entry_drinking_statues

Skill      XL: |  1  2  3 |
---------------+----------+-----
Axes           | 3 5 |  5.4
Fighting       | |  3.0
Dodging        | |  1.7
Stealth        | |  4.1

Action                     |  1- 3 |  4- 6 || total
---------------------------+-------+-------++-------
  Melee: Hand axe          |    19 |     1 ||    20
         Flail             |       |     2 ||     2
  Evoke: Wand              |     3 |       ||     3
   Stab: Paralysed         |    13 |       ||    13
         Sleeping          |       |     1 ||     1
 Armour: Leather armour    |     4 |     7 ||    11
  Dodge: Dodged            |     5 |     6 ||    11

Table legend: (Time is in decaauts)
 A = Elapsed time spent in this place.
 B = Non-inter-level travel time spent in this place.
 C = Inter-level travel time spent in this place.
 D = Time resting spent in this place.
 E = Time spent auto-exploring this place.
 F = Levels seen in this place.
 G = Mean time per level.
                   A        B        C        D        E       F      G
               +--------+--------+--------+--------+--------+-----+--------+
         Total |    487 |    487 |      0 |    205 |     60 |   3 |  162.3 |
       Dungeon |    487 |    487 |      0 |    205 |     60 |   3 |  162.3 |
               +--------+--------+--------+--------+--------+-----+--------+

Top non-repeatable levels by time:
     D:5: 380 daAuts
     D:6: 104 daAuts
     D:7: 1 daAuts
